 Dungeon Crawl Stone Soup version 0.17.0-22-g5edae84 (webtiles) character file.

116 razzle the Skirmisher (level 4, 0/44 HPs)
             Began as a Minotaur Berserker on Nov 13, 2015.
             Was a Believer of Trog.
             Slain by an orc wizard
             ... wielding a +0 dagger
              (4 damage)
             ... on level 3 of the Dungeon.
             The game lasted 00:02:17 (1939 turns).

razzle the Skirmisher (Minotaur Berserker)          Turns: 1939, Time: 00:02:17

Health: 0/44       AC:  4    Str: 22    XL:     4   Next: 69%
Magic:  3/3        EV:  9    Int:  4    God:    Trog [**....]
Gold:   156        SH:  7    Dex: 10    Spells: 0 memorised, 3 levels left

rFire  . . .     SeeInvis .     a - +0 falchion
rCold  . . .     Clarity  .     g - +0 leather armour
rNeg   . . .     SustAt   .     k - +0 shield
rPois  .         Gourm    .     (helmet restricted)
rElec  .         Spirit   .     r - +0 cloak
rCorr  .         Warding  .     (no gloves)
rMut   .         Stasis   .     (no boots)
MR     ++...                    (no amulet)
Stlth  +.........               (no ring)
                                (no ring)

@: exhausted, regenerating, slowed, very slow, very resistant to hostile
enchantments, very unstealthy
A: retaliatory headbutt, horns 2
a: Berserk, Trog's Hand, Burn Spellbooks, Renounce Religion


You were on level 3 of the Dungeon.
You worshipped Trog.
Trog was pleased with you.
You were very hungry.

You visited 1 branch of the dungeon, and saw 3 of its levels.

You collected 156 gold pieces.

Inventory:

Hand Weapons
 a - a +0 falchion (weapon)
Armour
 g - a +0 leather armour (worn)
 k - a +0 shield (worn)
 r - a +0 cloak (worn)
Scrolls
 b - a scroll of fog {unknown}
 e - a scroll of identify {unknown}
 h - a scroll of remove curse {unknown}
 j - a scroll of enchant weapon {unknown}
 l - a scroll of recharging {unknown}
Potions
 d - a potion of beneficial mutation {unknown}
 f - a potion of degeneration {unknown}
 i - 2 potions of heal wounds {unknown}
 n - a potion of might
 o - 2 potions of resistance {unknown}
 p - a potion of flight {unknown}
Comestibles
 c - 2 bread rations
 m - a beef jerky
 q - 2 chunks of flesh


   Skills:
 * Level 5.9 Fighting
 + Level 4.6 Long Blades
 - Level 2.4 Armour
 - Level 2.1 Dodging


You had 3 spell levels left.
You didn't know any spells.

Dungeon Overview and Level Annotations

Branches:
Dungeon (3/15)

Altars:
Makhleb


Innate Abilities, Weirdness & Mutations

You reflexively headbutt those who attack you in melee.
You have a pair of horns on your head.


Message History

Unknown command.
The orc wizard points at you and mumbles some strange words.
The magic dart hits you!
* * * LOW HITPOINT WARNING * * *
The orc wizard points at you and mumbles some strange words.
The magic dart hits you!
* * * LOW HITPOINT WARNING * * *
Items here: )) ††† a short sword; a hand axe of chopping; a rat corpse; an orc corpse an orc corpse The orc wizard closely misses you.
The orc wizard barely misses you. You furiously retaliate!
You headbutt the orc wizard, but do no damage.
You block the orc wizard's attack.
There is a stone staircase leading up here.
You see here a dagger.
Your skin crawls.
You feel resistant to hostile enchantments.
You feel slightly more hungry. The orc wizard hits you with a dagger.
You die...

..#.#####
#........ ##
#........ #..
#........
##.###...!....
#.............
#..#.†.)...... #
#..#..@)...... #.#
#..###o†......
#...#....)...$####
#..#...........[..
#........#########
#.##...$.#
#.......##
#........
#.........


You could see an orc wizard.

Vanquished Creatures
  Crazy Yiuf (D:2)
  2 adders (D:2)
  2 worms (D:2)
  3 giant geckos
  2 orcs (D:3)
  5 bats
  2 giant cockroaches
  6 goblins
  10 hobgoblins
  7 jackals
  A giant newt (D:1)
  9 kobolds
  4 rats
54 creatures vanquished.

Notes
Turn   | Place    | Note
--------------------------------------------------------------
     0 | D:1      | razzle the Minotaur Berserker began the quest for the Orb.
     0 | D:1      | Reached XP level 1. HP: 19/19 MP: 0/0
   332 | D:1      | Reached skill level 4 in Fighting
   349 | D:1      | Reached XP level 2. HP: 24/27 MP: 1/1
   587 | D:1      | Reached ** piety under Trog
   894 | D:1      | Reached XP level 3. HP: 34/34 MP: 2/2
  1095 | D:2      | Reached skill level 5 in Fighting
  1674 | D:2      | Reached XP level 4. HP: 42/42 MP: 3/3
  1706 | D:2      | Found a burning altar of Makhleb.
  1754 | D:2      | Noticed Crazy Yiuf
  1761 | D:2      | Killed Crazy Yiuf
  1936 | D:3      | HP: 2/44 [orc wizard/magic dart (6)]
  1939 | D:3      | Slain by an orc wizard

Action                   |  1- 3 |  4- 6 || total
-------------------------+-------+-------++-------
Melee: Falchion          |    81 |    27 ||   108
Invok: Berserk           |       |     2 ||     2
       Trog's Hand       |       |     1 ||     1
  Eat: Chunk             |     2 |     2 ||     4
